 Dungeon Crawl Stone Soup version 0.29-a0-902-g0f71de6fce (webtiles) character file.

Game seed: 3217205562878222981

28627 Ajdolov the Cruncher (level 13, 0/114 HPs)
             Began as a Ghoul Ice Elementalist on July 24, 2022.
             Was a Believer of Ashenzari.
             Slain by a torpor snail (4 damage)
             ... summoned by a boggart
             ... on level 5 of the Lair of Beasts.
             The game lasted 00:49:14 (18033 turns).

Ajdolov the Cruncher (Ghoul Ice Elementalist)      Turns: 18033, Time: 00:49:16

Health: 0/114      AC: 26    Str: 13    XL:     13   Next: 40%
Magic:  22/24      EV:  7    Int: 14    God:    Ashenzari [**....]
Gold:   413        SH:  0    Dex:  9    Spells: 21/28 levels left

rFire   + . .      SeeInvis +   a - +1 lajatang (vorpal)
rCold   + . .      Faith    .   (shield currently unavailable)
rNeg    + + +      Spirit   .   u - +3 chain mail {rF+}
rPois   ∞          Reflect  .   v - +1 helmet
rElec   .          Harm     .   w - +0 cloak
rCorr   .          Rampage  .   n - +2 pair of gloves of Ashenzari's Soothsayer {Range, Fort} (curse)
Will    .....                   E - +0 pair of boots of Ashenzari's Scepticism {Range, Fort} (curse)
Stlth   ..........              (no amulet)
HPRegen 0.00/turn               m - ring "Behold Eternity" {Fly, Comp, Fort} (curse)
MPRegen 0.19/turn               (no ring)

@: freezing walls, flying, inhibited regen, slowed, very slow
A: claws 1, cold resistance 1, negative energy resistance 3, inhibited
regeneration, torment resistance 2, devour on kill
a: Renounce Religion, Shatter the Chains


You were on level 5 of the Lair of Beasts.
You worshipped Ashenzari.
Ashenzari was pleased with you.
You visited 2 branches of the dungeon, and saw 14 of its levels.

You collected 789 gold pieces.
You spent 376 gold pieces at shops.

Inventory:

Hand Weapons
 a - a +1 vorpal lajatang (weapon)
 b - the +11 quarterstaff "Bof Eqaf" {vorpal, rN++ Str-5 Dex+6}
   (You found it on level 2 of the Lair of Beasts)

   It inflicts extra damage upon your enemies.
   Str:       It affects your strength (-5).
   Dex:       It affects your dexterity (+6).
   rN:        It greatly protects you from negative energy.
Missiles
 A - 3 throwing nets
Armour
 n - the cursed +2 pair of gloves of Ashenzari's Soothsayer (worn) {Range, Fort}
   (You found it on level 6 of the Dungeon)

   It has a curse which improves the following skills: Ranged Combat: Ranged
   Weapons and Throwing.
   Fortitude: Armour and Shields.
 u - a +3 chain mail of fire resistance (worn)
 v - a +1 helmet (worn)
 w - a +0 cloak (worn)
 E - the cursed +0 pair of boots of Ashenzari's Scepticism (worn) {Range, Fort}
   (You found it on level 1 of the Lair of Beasts)

   It has a curse which improves the following skills: Ranged Combat: Ranged
   Weapons and Throwing.
   Fortitude: Armour and Shields.
Jewellery
 m - the cursed ring "Behold Eternity" (left hand) {Fly, Comp, Fort}
   (You found it on level 2 of the Dungeon)

   [ring of flight]

   Fly:       It grants you flight.
   It has a curse which improves the following skills: Companions: Summonings
   and Necromancy.
   Fortitude: Armour and Shields.
Wands
 r - a wand of mindburst (12)
 s - a wand of flame (9)
 t - a wand of iceblast (11)
Scrolls
 d - 9 scrolls of teleportation
 h - 3 scrolls of vulnerability
 k - 3 scrolls of noise
 q - a scroll of poison
 x - a scroll of fear
 y - a scroll of blinking
 B - a scroll of butterflies
 C - a scroll of magic mapping
 D - a scroll of silence
Potions
 c - a potion of resistance
 e - 2 potions of brilliance
 f - 2 potions of heal wounds
 g - 5 potions of might
 i - 5 potions of haste
 j - 10 potions of curing
 l - 3 potions of ambrosia
 o - 2 potions of magic
 p - 2 potions of flight
 F - 2 potions of cancellation


   Skills:
 * Level 10.4 Fighting
 - Level 4.3(9.3) Polearms
 * Level 12.7(13.0) Staves
 - Level 12.5(15.0) Armour
 - Level 1.7 Dodging
 - Level 2.1 Stealth
 - Level 8.0 Spellcasting
 - Level 7.0 Ice Magic


You had 21 spell levels left.
You knew the following spells:

 Your Spells              Type           Power      Damage    Failure   Level
a - Freeze                Ice            100%       1d11      9%          1
b - Frozen Ramparts       Ice            50%        1d7       24%         3
c - Ozocubu's Armour      Ice            25%        N/A       24%         3

Your spell library contained the following spells:

 Spells                   Type           Power      Damage    Failure   Level
 Shock                    Conj/Air       20%        1d4       82%         1
 Hailstorm                Conj/Ice       15%        3d5       98%         4
 Call Canine Familiar     Summ           5%         N/A       99%         3
 Gell's Gravitas          Tloc           5%         N/A       99%         3
 Ignite Poison            Fire/Tmut/Pois 5%         N/A       99%         3
 Lesser Beckoning         Tloc           5%         N/A       99%         3
 Mephitic Cloud           Conj/Pois/Air  5%         N/A       99%         3
 Portal Projectile        Hex/Tloc       10%        N/A       99%         3
 Summon Guardian Golem    Hex/Summ       5%         N/A       99%         3
 Swiftness                Air            5%         N/A       99%         3
 Teleport Other           Tloc           5%         N/A       99%         3
 Tukima's Dance           Hex            5%         N/A       99%         3
 Airstrike                Air            2%         0-2+      100%        4
 Animate Armour           Summ/Erth      10%        N/A       100%        4
 Leda's Liquefaction      Hex/Erth       2%         N/A       100%        4
 Passage of Golubria      Tloc           5%         N/A       100%        4
 Summon Lightning Spire   Summ/Air       5%         N/A       100%        4
 Freezing Cloud           Conj/Ice/Air   6%         6-21      100%        5
 Yara's Violent Unravell  Hex/Tmut       2%         3d3       100%        5
 Iron Shot                Conj/Erth      2%         9d2       100%        6
 Orb of Destruction       Conj           2%         9d5       100%        7
 Spellforged Servitor     Conj/Summ      2%         N/A       100%        7
 Maxwell's Capacitive Co  Air            2%         ∞         100%        8
 Blade Hands              Tmut           Unusable   N/A       N/A         5
 Storm Form               Tmut/Air       Unusable   N/A       N/A         7

Dungeon Overview and Level Annotations

Branches:
Dungeon (9/15)             Temple (0/1) D:7            Lair (5/5) D:8
  Swamp (0/4) Lair:3       Spider (0/4) Lair:2        Slime (0/5) Lair:4
    Orc: D:9-12

Altars:
Ashenzari
Cheibriados
Makhleb
Qazlal
Ru
Uskayaw
Vehumet
Jiyva

Shops:
D:1 [   D:5 [!=


Innate Abilities, Weirdness & Mutations

You are immune to poison.
You have sharp fingernails.
Your flesh is cold resistant. (rC+)
You are immune to negative energy. (rN+++)
You do not regenerate when monsters are visible.
You are immune to unholy pain and torment.
You thrive by killing the living.


Message History

The boggart hits the plant.
The plant begins to die.
Unknown command.
You hit the spriggan.
The spriggan is moderately wounded.
Something bites the fungus!
The wall freezes the spriggan.
The spriggan hits you but does no damage.
Something bites the fungus.
The wall freezes the boggart.
The boggart hits the plant.
The wall freezes the torpor snail!
The torpor snail bites you but does no damage.
Being near the torpor snail leaves you feeling lethargic.
You barely miss the spriggan.
The spriggan is heavily wounded.
A nearby fungus withers and dies.
Something bites the fungus!
Something hits the fungus!
The wall freezes the death yak.
The wall freezes the spriggan.
The spriggan hits you but does no damage.
The wall freezes the boggart.
The boggart hits the plant.
Something bites the fungus!
You closely miss the spriggan.
The spriggan is heavily wounded.
Something bites the fungus!
The wall freezes the boggart.
The boggart hits the plant.
The wall freezes the torpor snail!
The torpor snail bites you but does no damage.
The wall freezes the death yak.
The death yak gores you!
* * * LOW HITPOINT WARNING * * *
The wall freezes the spriggan.
The spriggan hits you but does no damage.
The spriggan hits the fungus with a +0 short sword!
Something bites the fungus.
You barely miss the spriggan.
The spriggan is severely wounded.
A nearby plant withers and dies.
A nearby fungus withers and dies.
The wall freezes the boggart.
The wall freezes the death yak.
The death yak gores you!
* * * LOW HITPOINT WARNING * * *
The wall freezes the spriggan.
The spriggan hits you with a +0 dagger of venom.
* * * LOW HITPOINT WARNING * * *
The wall freezes the torpor snail!
The torpor snail bites you.
You die...

###......##
###.......# ,
#.........##
##........P#
#........##
########......##
,
#.##Pg.#.......#
*
#.iYliwY........*
##....#@##.......
#...##### .......
, ♣♣l## , .......
, ♣#..♣ **......<
♣♣♣i.♣♣ *##.....
, ♣....♣ ,.....,
, ♣♣...♣♣ ♣.... ,
♣....♣ ♣...♣♣♣ *


You could see 2 death yaks, a torpor snail (summoned), a wyvern (summoned), 2
spriggans and a boggart.

Vanquished Creatures
  Rupert (Lair:4)
  A boulder beetle (Lair:1)
  5 hydras
  Harold (Lair:2)
  4 death yaks (Lair:2)
  Amaemon (D:8)
  Pikel (D:6)
  3 black mambas
  An orange demon (D:8)
  8 cane toads
  Maggie (D:6)
  3 rime drakes
  10 komodo dragons
  2 polar bears
  Grinder (D:3)
  A tarantella (Lair:2)
  Prince Ribbit (D:6)
  18 blink frogs
  Sigmund (D:3)
  11 yaks
  2 wyverns
  4 basilisks
  2 steam dragons
  7 water moccasins
  2 swamp worms (Lair:3)
  An orc warrior (D:7)
  An ice beast (D:8)
  3 sky beasts
  8 black bears
  2 boggarts (Lair:5)
  An ogre (D:5)
  5 wolves
  2 centaurs
  3 lemures (D:6)
  A kobold brigand (D:6)
  A phantom (D:5)
  10 bullfrogs
  Blork the orc (D:4)
  A gnoll sergeant (D:6)
  3 necrophages
  2 scorpions (D:5)
  6 killer bees
  2 howler monkeys (D:5)
  An electric eel (Lair:2)
  5 orc priests
  2 hounds (D:5)
  3 iron imps (D:6)
  A jelly (D:7)
  2 gnoll boudas
  7 iguanas
  9 orc wizards
  11 gnolls
  5 adders
  2 river rats (D:6)
  3 shadow imps
  3 ufetubi
  4 worms
  6 dart slugs
  39 orcs
  6 bats
  7 endoplasms
  2 giant cockroaches
  5 goblins
  11 hobgoblins
  7 jackals
  7 quokkas
  5 ball pythons
  5 frilled lizards
  8 kobolds
  4 rats
315 creatures vanquished.

Vanquished Creatures (others)
  8 fungi
  12 plants
  4 toadstools (D:1)
24 creatures vanquished.

Grand Total: 339 creatures vanquished

Notes
Turn   | Place    | Note
-------+----------+-------------------------------------------
     0 | D:1      | Ajdolov the Ghoul Ice Elementalist began the quest for the
                  | Orb.
     0 | D:1      | Reached XP level 1. HP: 14/14 MP: 2/2
   231 | D:1      | Found Hakukug's Armour Shoppe.
   274 | D:1      | Reached XP level 2. HP: 20/20 MP: 0/3
   367 | D:1      | Reached skill level 5 in Ice Magic
  1104 | D:1      | Reached XP level 3. HP: 22/26 MP: 1/4
  1393 | D:1      | Learned a level 3 spell: Frozen Ramparts
  2430 | D:3      | Found a hide-covered altar of Uskayaw.
  2460 | D:3      | Reached XP level 4. HP: 21/33 MP: 6/6
  2655 | D:3      | Noticed Grinder
  2854 | D:3      | You fall into a shaft and drop 3 floors!
  2931 | D:6      | Noticed a sky beast
  2941 | D:6      | Killed a sky beast
  2942 | D:6      | Reached XP level 5. HP: 18/38 MP: 0/7
  3197 | D:6      | Reached XP level 6. HP: 40/45 MP: 5/9
  3201 | D:6      | Learned a level 3 spell: Ozocubu's Armour
  3251 | D:6      | Found a broken altar of Ashenzari.
  3255 | D:6      | Became a worshipper of Ashenzari the Shackled
  3449 | D:6      | HP: 2/45 [orc/+3 whip (4)]
  3706 | D:6      | Reached XP level 7. HP: 50/50 MP: 8/12
  3947 | D:6      | Noticed Pikel
  4213 | D:6      | Found a burning altar of Makhleb.
  4230 | D:6      | Killed Pikel
  4231 | D:6      | Reached XP level 8. HP: 57/57 MP: 8/17
  4644 | D:6      | Noticed Maggie
  4669 | D:6      | Killed Maggie
  4867 | D:5      | Entered Level 5 of the Dungeon
  4878 | D:5      | Reached skill level 1 in Fighting
  4885 | D:5      | Found Igreb's Armour Shoppe.
  4894 | D:5      | Reached XP level 9. HP: 37/71 MP: 10/20
  4989 | D:5      | Bought a +0 helmet for 49 gold pieces
  5021 | D:5      | Found Sasach's Distillery.
  5045 | D:5      | Bought a potion of curing for 36 gold pieces
  5077 | D:5      | Identified the +7 dagger of the Eternal Warrior {vorpal,
                  | Str+3}
  5105 | D:5      | Reached skill level 5 in Fighting
  5768 | D:3      | Reached * piety under Ashenzari
  5768 | D:3      | Reached ** piety under Ashenzari
  5858 | D:3      | Paralysed by Grinder for 2 turns
  5865 | D:3      | Killed Grinder
  6078 | D:3      | Found a stormy altar of Qazlal.
  6142 | D:3      | Noticed Sigmund
  6148 | D:3      | Killed Sigmund
  6276 | D:3      | Found a faded altar of an unknown god.
  6415 | D:4      | Found a sacrificial altar of Ru.
  6552 | D:4      | Noticed Blork the orc
  6558 | D:4      | Killed Blork the orc
  6827 | D:5      | Found Biorghuh's Jewellery Shop.
  7102 | D:5      | Identified a scroll of acquirement
  7117 | D:5      | Reached XP level 10. HP: 82/93 MP: 21/21
  7445 | D:6      | Acquired a +0 vorpal bardiche
  7502 | D:6      | Noticed Prince Ribbit
  7508 | D:6      | Killed Prince Ribbit
  7509 | D:6      | Reached skill level 10 in Fighting
  7509 | D:6      | Reached skill level 1 in Polearms
  7511 | D:6      | Reached skill level 1 in Armour
  8230 | D:7      | Found a radiant altar of Vehumet.
  8276 | D:7      | Reached *** piety under Ashenzari
  8303 | D:7      | Found a staircase to the Ecumenical Temple.
  8944 | D:8      | Noticed an orange demon
  8965 | D:8      | Killed an orange demon
  9166 | D:8      | Reached skill level 1 in Staves
  9174 | D:8      | Found a staircase to the Lair.
  9252 | D:8      | Identified the +4 trident "Guwiaron" {venom, +Blink Int+2}
  9304 | D:8      | Noticed Amaemon
  9348 | D:8      | Killed Amaemon
  9349 | D:8      | Reached skill level 5 in Staves
 10096 | D:9      | Noticed a centaur warrior
 10101 | D:9      | Noticed a skeletal warrior
 10104 | D:9      | Noticed a centaur warrior
 10260 | D:9      | Found a snail-covered altar of Cheibriados.
 10276 | D:9      | Noticed a two-headed ogre
 10343 | Lair:1   | Entered Level 1 of the Lair of Beasts
 10441 | Lair:1   | Reached XP level 11. HP: 81/99 MP: 14/22
 10696 | Lair:1   | Noticed a boulder beetle
 10723 | Lair:1   | Killed a boulder beetle
 10897 | Lair:1   | Reached skill level 10 in Staves
 11456 | Lair:2   | Noticed Harold
 11473 | Lair:2   | Killed Harold
 11478 | Lair:2   | Noticed an eight-headed hydra
 11779 | Lair:2   | Killed an eight-headed hydra
 12148 | Lair:2   | Reached skill level 5 in Armour
 12262 | Lair:2   | Found a hole to the Spider Nest.
 12984 | Lair:2   | Noticed a death yak
 12984 | Lair:2   | Noticed a death yak
 12984 | Lair:2   | Noticed a death yak
 12984 | Lair:2   | Noticed a death yak
 12996 | Lair:2   | Killed a death yak
 13004 | Lair:2   | Killed a death yak
 13005 | Lair:2   | Reached XP level 12. HP: 83/106 MP: 18/23
 13011 | Lair:2   | Killed a death yak
 13017 | Lair:2   | Killed a death yak
 13598 | Lair:2   | Identified the +11 quarterstaff "Bof Eqaf" {vorpal, rN++
                  | Str-5 Dex+6}
 14660 | Lair:3   | Reached skill level 10 in Armour
 14825 | Lair:3   | Noticed a six-headed hydra
 14862 | Lair:3   | Killed a six-headed hydra
 15345 | Lair:3   | Noticed a four-headed hydra
 15366 | Lair:3   | Killed a four-headed hydra
 15473 | Lair:3   | Found a staircase to the Swamp.
 15563 | Lair:3   | Reached XP level 13. HP: 107/113 MP: 21/24
 16856 | Lair:4   | Found a staircase to the Slime Pits.
 16856 | Lair:4   | Found a viscous altar of Jiyva.
 17100 | Lair:4   | Noticed Rupert
 17100 | Lair:4   | Identified the +4 long sword "Nygat" {vorpal, rF- Dex+4
                  | Stlth+}
 17100 | Lair:4   | Paralysed by Rupert for 4 turns
 17228 | Lair:4   | Killed Rupert
 17616 | D:5      | Bought a +3 chain mail of fire resistance for 291 gold
                  | pieces
 17821 | Lair:5   | Entered Level 5 of the Lair of Beasts
 18033 | Lair:5   | HP: 4/114 [spriggan/+0 dagger of venom (5)]
 18033 | Lair:5   | Slain by a torpor snail

Illustrated notes

Levels and vault maps discovered:
D:1:      ldierk_walled_garden_2, layout_loops_ring, serial_shops, shop
D:2:      layout_loops_ring
D:3:      minmay_angry_zag, layout_rooms, mainiacjoe_overflow_surrounded_room,
          mainiacjoe_overflow_six_doors_small,
          dreamdust_ecumenical_altar_sealed_demon, uniq_grinder, uniq_sigmund
D:4:      layout_cave_pools, nicolae_ru_the_path_less_chosen, uniq_blork_the_orc
D:5:      layout_cave_pools, serial_shops, shop_fountains, shop,
          nicolae_shop_hallway_stairs, minmay_manual_mess
D:6:      layout_basic, nicolae_ashenzari_panopticon, demons_altar,
          lightli_sewer_entry_pipes, uniq_pikel, uniq_maggie,
          uniq_prince_ribbit1
D:7:      layout_basic, mainiacjoe_overflow_cross_hatched, vehumet_crystals,
          minmay_temple_entry_offerings, minmay_holes
D:8:      layout_gridville, lair_entry_dummy, minmay_door_square,
          chequers_decorated_corner, nicolae_sextant, uniq_amaemon
D:9:      cheibrodos_elevator_heist, layout_cave_pools, kennysheep_slug_shrine,
          tso_altar, serial_shops, shop
Lair:1:   layout_regular_city, grunt_megastairs_1
Lair:2:   layout_cave_pods, spider_nest_entry_rubble, beast_lair_carwin_5,
          serial_bayou_shore_a, uniq_harold
Lair:3:   layout_chaotic_city, palyth_hydra_swamp_entry, guppyfry_lair_drakes,
          infiniplex_staircase_pool_2
Lair:4:   layout_long_grid, slime_entry_1, minivault_27, uniq_rupert
Lair:5:   minmay_lair_end_enchanted_forest, layout_hall_layers

Skill      XL: |  1  2  3  4  5  6  7  8  9 10 11 12 13 |
---------------+----------------------------------------+-----
Ice Magic      | 5 6 7 |  7.0
Spellcasting   | 2 3 4 6 8 |  8.0
Fighting       | 3 9 10 | 10.4
Polearms       | 4 |  4.3
Armour         | 2 6 11 12 | 12.5
Staves         | 8 12 | 12.7
Dodging        | |  1.7
Stealth        | |  2.1

Action                   |  1- 3 |  4- 6 |  7- 9 | 10-12 | 13-15 || total
-------------------------+-------+-------+-------+-------+-------++-------
Melee: Unarmed           |    32 |       |       |       |       ||    32
       Punch             |     1 |       |       |       |       ||     1
       Trident           |    20 |    36 |       |       |       ||    56
       Whip              |     2 |       |       |       |       ||     2
       Halberd           |       |    12 |   171 |   186 |       ||   369
       Lajatang          |       |       |       |   222 |   112 ||   334
       Quarterstaff      |       |       |       |    24 |    20 ||    44
 Cast: Freeze            |    50 |    12 |       |     1 |       ||    63
       Frozen Ramparts   |       |    13 |    35 |    68 |    19 ||   135
       Ozocubu's Armour  |       |     4 |    19 |    27 |     5 ||    55
Invok: Curse Item        |       |       |     3 |     2 |       ||     5
       Shatter the Chain |       |       |       |     1 |     1 ||     2
Evoke: Wand              |       |       |       |     2 |     8 ||    10
  Use: Potion            |       |     1 |     1 |     2 |       ||     4
       Scroll            |       |       |       |     9 |     4 ||    13
 Stab: Distracted        |     1 |       |     1 |       |       ||     2
       Sleeping          |       |     3 |     5 |     2 |       ||    10
Armor: Robe              |    11 |    12 |    40 |   141 |    46 ||   250
       Chain mail        |       |       |       |       |    50 ||    50
Dodge: Dodged            |    65 |    59 |   112 |   260 |    49 ||   545

Table legend: (Time is in decaauts)
 A = Elapsed time spent in this place.
 B = Non-inter-level travel time spent in this place.
 C = Inter-level travel time spent in this place.
 D = Time resting spent in this place.
 E = Time spent auto-exploring this place.
 F = Levels seen in this place.
 G = Mean time per level.
                   A        B        C        D        E       F      G
               +--------+--------+--------+--------+--------+-----+--------+
         Total |  18081 |  17153 |    928 |   2172 |  11627 |  14 | 1291.5 |
       Dungeon |  10775 |  10139 |    636 |   1392 |   6567 |   9 | 1197.2 |
          Lair |   7306 |   7015 |    291 |    780 |   5060 |   5 | 1461.2 |
               +--------+--------+--------+--------+--------+-----+--------+

Top non-repeatable levels by time:
     D:6: 2617 daAuts
  Lair:3: 2220 daAuts
  Lair:2: 2199 daAuts
     D:8: 1571 daAuts
     D:1: 1416 daAuts
  Lair:1: 1395 daAuts
  Lair:4: 1290 daAuts
     D:2: 1121 daAuts
     D:7: 1061 daAuts
     D:5: 1040 daAuts
     D:3: 1004 daAuts
     D:4: 903 daAuts
  Lair:5: 200 daAuts
     D:9: 39 daAuts
